[Event "Team 45 45 League T47"]
[Site "Internet Chess Club"]
[Date "2010.12.26"]
[Round "8"]
[White "MaartenKoning"]
[Black "zeigmata"]
[Result "1-0"]
[WhiteElo "2257"]
[BlackElo "2186"]
[Opening "Bird's opening"]
[ECO "A02"]
[Time "14:10:34"]
[TimeControl "2700+45"]

1. f4 Nf6 2. Nf3 g6 3. d3 d5 4. e3 Bg7 5. Be2 O-O 6. O-O c5 7. Nc3 Nc6 8. Ne5
Nxe5 9. fxe5 Ne8 10. d4 Nc7 11. Bf3 Be6 12. Ne2 Qd7 13. Nf4 Rad8 14. c3 f6 15.
exf6 exf6 16. dxc5 Qc6 17. b4 f5 18. Bd2 Bf7 19. a4 Rfe8 20. Ne2 Re5 21. Nd4 Qe8
22. b5 Bh6 23. Re1 Bxe3+ 24. Bxe3 Rxe3 25. Qd2 Rxe1+ 26. Rxe1 Qf8 27. c6 bxc6
28. Nxc6 Rd7 29. Ne5 Qc5+ 30. Qd4 Qxd4+ 31. cxd4 Rd6 32. Nc6 a6 33. Re7 Ne6 34.
Ne5 Ng5 35. Nxf7 Nxf7 36. bxa6 Rxa6 37. Bxd5 Rxa4 38. Rxf7 Kh8 39. Be6 Rxd4 40.
h3 Rd2 41. Kh2 Re2 42. Bd5 Rd2 43. Rd7 Rd3 44. Kg1 Rd2 45. Be6 Re2 46. Bd5 Rd2
47. Kf1 Rb2 48. Bf3 Rc2 49. Kg1 Rb2 50. Kh2 Rb4 51. Kg3 Rc4 52. Bd5 Rd4 53. Kf3
Rb4 54. Ke3 Ra4 55. Kd3 Rh4 56. Re7 g5 57. Rf7 g4 58. hxg4 fxg4 59. Be4 Kg8 60.
Ra7 h5 61. Ke3 Rh1 62. Kf4 Kf8 63. Kg5 Re1 64. Bf5 Re2 65. Kf6 g3 66. Ra8+
{Black resigns} 1-0

[Event "Team 45 45 League T47"]
[Site "Internet Chess Club"]
[Date "2010.12.28"]
[Round "8"]
[White "pentti63"]
[Black "Campagnolo"]
[Result "1/2-1/2"]
[WhiteElo "2261"]
[BlackElo "2078"]
[Opening "QGD Slav: 3.Nf3"]
[ECO "D11"]
[Time "08:10:44"]
[TimeControl "2700+45"]

1. d4 d5 2. c4 c6 3. Nf3 Nf6 4. Qc2 g6 5. cxd5 cxd5 6. Nc3 Bg7 7. Bf4 O-O 8. e3
Nc6 9. Bb5 Bf5 10. Qa4 Qb6 11. O-O Rac8 12. Ne5 Nb8 13. Rfc1 a6 14. Bd3 Bxd3 15.
Nxd3 e6 16. Bxb8 Rxb8 17. Nc5 Rfc8 18. b4 Rc6 19. Rab1 Bf8 20. b5 axb5 21. Rxb5
Qc7 22. Qa7 Bxc5 23. Rxc5 Rxc5 24. dxc5 Nd7 25. Nb5 Qc6 26. Nd4 Qc7 27. f4 Rc8
28. Nb3 Qb8 29. Qa4 Nf6 30. Qb5 Ne4 31. a4 Qa7 32. h3 Rc6 33. Kh2 Qa6 34. Rc2
Kf8 35. Qb4 Kg8 36. Nd4 Rc8 37. Nb3 Rc6 38. Na5 Rc7 39. Nb3 Rc6 40. Qb5 Kf8 41.
g4 Qa7 42. Kg2 Ra6 43. a5 Rc6 44. Kf3 Nd6 45. Qb4 Ne4 46. Nd4 Qa6 47. Rc1 Rxc5
48. Nb3 b6 49. Nxc5 bxc5 50. Qe1 Qd3 51. Rd1 Qc4 52. Ra1 Qc2 53. Qe2 Nd2+ 54.
Kg2 Qe4+ 55. Kh2 Nc4 56. a6 Nxe3 57. a7 Qxf4+ 58. Kg1 Qg3+ 59. Kh1 Qxh3+ 60. Qh2
Qf3+ 61. Kg1 Qxg4+ 62. Kf2 Qf5+ 63. Kxe3 Qe4+ 64. Kd2 Qd4+ 65. Kc2 Qc4+ 66. Kd2
Qd4+ 67. Kc2 Qc4+ 68. Kd1 Qd4+ 69. Kc2 Qc4+ {Game drawn by repetition} 1/2-1/2

[Event "Team 45 45 League T47"]
[Site "Internet Chess Club"]
[Date "2010.12.30"]
[Round "8"]
[White "AreYouSerious"]
[Black "WilThorpe"]
[Result "0-1"]
[WhiteElo "2024"]
[BlackElo "2047"]
[Opening "Réti opening"]
[ECO "A04"]
[Time "15:09:41"]
[TimeControl "2700+45"]

1. Nf3 g6 2. e3 Bg7 3. d4 Nf6 4. b3 O-O 5. Bb2 d6 6. Be2 b6 7. c4 c5 8. Na3 Bb7
9. Nc2 e6 10. O-O Qe7 11. a3 a5 12. Bd3 Nc6 13. Re1 d5 14. dxc5 bxc5 15. Rc1
Rfd8 16. Qe2 Rab8 17. Qf1 Ba8 18. Rb1 e5 19. cxd5 Nxd5 20. e4 Nf4 21. Bc4 Nd4
22. Nfxd4 cxd4 23. Rbd1 d3 24. Na1 Ne2+ 25. Rxe2 dxe2 26. Qxe2 Rxd1+ 27. Qxd1
Bxe4 28. Qe1 Qb7 29. f3 Bd5 30. Qc3 Bxc4 31. Qxc4 Qb6+ 32. Kf1 Rd8 33. Qe2 Bh6
34. Bc3 Qc5 {White resigns} 0-1

[Event "Team 45 45 League T47"]
[Site "Internet Chess Club"]
[Date "2010.12.27"]
[Round "8"]
[White "akdog3"]
[Black "Uwak"]
[Result "0-1"]
[WhiteElo "2171"]
[BlackElo "2312"]
[Opening "King's Indian: London system"]
[ECO "A48"]
[Time "22:00:13"]
[TimeControl "2700+45"]

1. Nf3 Nf6 2. d4 g6 3. Bf4 Bg7 4. e3 d6 5. h3 O-O 6. Be2 Nfd7 7. O-O e5 8. Bh2
Nc6 9. c3 f5 10. b4 Qe7 11. b5 Nd8 12. c4 Ne6 13. Nc3 Qf7 14. Rc1 Re8 15. Nd5 c6
16. bxc6 bxc6 17. Nb4 Bb7 18. Nxc6 Bxc6 19. d5 Rac8 20. dxc6 Rxc6 21. c5 Rec8
22. Bc4 h6 23. Bd5 Rxc5 24. Qb3 Re8 25. Rfd1 Rxc1 26. Rxc1 Nb6 27. Rc6 Nxd5 28.
Qxd5 Bf8 29. Nd2 Nc5 30. Qxf7+ Kxf7 31. Nc4 Ke6 32. Rc7 Rb8 33. g4 Rb1+ 34. Kg2
fxg4 35. hxg4 Rb4 {White resigns} 0-1

[Event "Team 45 45 League T47"]
[Site "Internet Chess Club"]
[Date "2011.01.02"]
[Round "8"]
[White "searchforbobby1"]
[Black "vnchess"]
[Result "1/2-1/2"]
[WhiteElo "2182"]
[BlackElo "2196"]
[Opening "Sicilian: Alapin's variation (2.c3)"]
[ECO "B22"]
[Time "20:15:36"]
[TimeControl "2700+45"]

1. e4 c5 2. c3 Nf6 3. e5 Nd5 4. d4 cxd4 5. Nf3 Nc6 6. cxd4 d6 7. Bc4 Nb6 8. Bb3
dxe5 9. d5 Na5 10. Nc3 Nxb3 11. Qxb3 e6 12. Nxe5 Bd6 13. Qb5+ Kf8 14. dxe6 Bxe6
15. Bf4 Qc7 16. O-O-O Nc4 17. Nd7+ Qxd7 18. Bxd6+ Nxd6 19. Qxd7 Bxd7 20. Rxd6
Ke7 21. Rd4 Be6 22. Nd5+ Bxd5 23. Rxd5 Rac8+ 24. Kd2 Rhd8 25. Re1+ Kf6 26. Rxd8
Rxd8+ 27. Kc3 Rc8+ 28. Kd3 Rd8+ 29. Kc3 Rc8+ 30. Kb3 Rc6 31. a4 Rb6+ 32. Kc3
Rc6+ 33. Kd3 Rd6+ 34. Kc3 Rc6+ 35. Kb3 Rb6+ 36. Ka3 Rd6 37. Re3 Rd2 38. Rf3+ Ke6
39. a5 f5 40. h4 Rd5 41. b4 g6 42. Kb3 Rd4 43. g3 Kd6 44. Kc3 Kd5 45. Re3 Re4
46. Rd3+ Kc6 47. Rd4 Re2 48. Rf4 h5 49. Rc4+ Kd6 50. Rd4+ Kc6 51. Rc4+ Kd6 52.
Rf4 Kd5 53. Rd4+ Kc6 54. Rc4+ Kd6 {Game drawn by repetition} 1/2-1/2

[Event "Team 45 45 League T47"]
[Site "Internet Chess Club"]
[Date "2010.12.28"]
[Round "8"]
[White "SlimeDog2"]
[Black "MikeA"]
[Result "1/2-1/2"]
[WhiteElo "2073"]
[BlackElo "2187"]
[Opening "QGD Slav"]
[ECO "D11"]
[Time "14:00:40"]
[TimeControl "2700+45"]

1. d4 d5 2. Nf3 Nf6 3. c4 c6 4. e3 e6 5. Nbd2 Nbd7 6. Bd3 dxc4 7. Nxc4 b5 8.
Nce5 Bb7 9. O-O Bd6 10. a4 O-O 11. axb5 cxb5 12. Bxb5 Qc7 13. Nxd7 Nxd7 14. h3
Nf6 15. Bd2 Ne4 16. Ba5 Qe7 17. Qe2 Rac8 18. Rfc1 Bd5 19. Nd2 Rxc1+ 20. Rxc1
Nxd2 21. Bxd2 Qb7 22. f3 Rb8 23. e4 Qxb5 24. Qxb5 Rxb5 25. Rc8+ Bf8 26. exd5
exd5 27. Bf4 Rb6 28. Bb8 Ra6 29. b4 f6 30. b5 Ra1+ 31. Kf2 Kf7 32. Rc7+ Kg6 33.
Bxa7 Bd6 34. b6 Bf4 35. Rc5 Ra2+ 36. Kf1 h5 37. Rxd5 Bg3 38. Rb5 Rf2+ 39. Kg1
Ra2 40. Kf1 Rf2+ 41. Kg1 Ra2 42. Rb1 h4 43. Rd1 Kf7 44. d5 Ke8 45. d6 Rb2 46.
Bb8 Kd7 47. Bc7 Bf2+ 48. Kf1 Bxb6 49. Bxb6 Rxb6 50. Rd4 g5 51. Ke2 {Game drawn
by mutual agreement} 1/2-1/2

[Event "Team 45 45 League T47"]
[Site "Internet Chess Club"]
[Date "2010.12.23"]
[Round "8"]
[White "screamingeagle"]
[Black "Matusalen"]
[Result "0-1"]
[WhiteElo "2049"]
[BlackElo "2137"]
[Opening "Caro-Kann: exchange variation"]
[ECO "B13"]
[Time "18:01:51"]
[TimeControl "2700+45"]

1. e4 c6 2. d4 d5 3. exd5 cxd5 4. Bd3 Nc6 5. c3 Qc7 6. f4 Nf6 7. Nf3 Bg4 8. O-O
e6 9. h3 Bh5 10. Qe1 Bxf3 11. Rxf3 Be7 12. b3 O-O 13. Bb2 a6 14. a4 Bd6 15. Qe3
Nh5 16. f5 e5 17. f6 e4 18. Qg5 g6 19. g4 exf3 20. gxh5 Bf4 21. Qg4 Be3+ 22. Kh1
Qf4 23. hxg6 hxg6 24. Qxf4 Bxf4 25. c4 Nb4 26. Bf1 Bg5 27. Nc3 Bxf6 28. Nxd5
Nxd5 29. cxd5 Rfd8 30. Bc4 b5 31. axb5 axb5 32. Rxa8 Rxa8 33. Bxb5 Ra2 34. Bc3
Rc2 35. Ba5 Bxd4 36. d6 Be5 {White resigns} 0-1

[Event "Team 45 45 League T47"]
[Site "Internet Chess Club"]
[Date "2010.12.24"]
[Round "8"]
[White "tryanything"]
[Black "crazyhorses"]
[Result "0-1"]
[WhiteElo "1589"]
[BlackElo "1590"]
[Opening "QGA: 3.e4"]
[ECO "D20"]
[Time "04:00:12"]
[TimeControl "2700+45"]

1. d4 d5 2. c4 dxc4 3. e4 e5 4. Bxc4 exd4 5. Nf3 Bb4+ 6. Bd2 Bxd2+ 7. Qxd2 Nc6
8. O-O Be6 9. Bb5 Nf6 10. Nxd4 O-O 11. Nxc6 bxc6 12. Bxc6 Rb8 13. Qc2 Rb6 14.
Rd1 Rxc6 15. Rxd8 Rxc2 16. Rxf8+ Kxf8 17. Nc3 Rxb2 18. f3 c6 19. Na4 Rxa2 20.
Rxa2 Bxa2 21. Nc5 Ke7 {White resigns} 0-1

[Event "Team 45 45 League T47"]
[Site "Internet Chess Club"]
[Date "2010.12.25"]
[Round "8"]
[White "mongmong"]
[Black "smsxman"]
[Result "1-0"]
[WhiteElo "1556"]
[BlackElo "1341"]
[Opening "Queen's pawn game"]
[ECO "D02"]
[Time "19:59:28"]
[TimeControl "2700+45"]

1. d4 d5 2. Nf3 e6 3. e3 Nc6 4. c3 Bd7 5. Bd3 Be7 6. Nbd2 a6 7. Qe2 Nf6 8. O-O
O-O 9. e4 dxe4 10. Nxe4 Re8 11. h3 Na7 12. Bf4 Bc6 13. Nxf6+ Bxf6 14. Rfe1 Rb8
15. Rad1 Bd7 16. Qe4 g6 17. Qe3 Bg7 18. Bh2 Ra8 19. Ne5 Ba4 20. b3 Bc6 21. Nxc6
Nxc6 22. Be4 Qe7 23. Bxc6 bxc6 24. Qe4 c5 25. dxc5 Qxc5 26. c4 Rac8 27. Qe3 Qc6
28. Rd3 Red8 29. Red1 Rxd3 30. Qxd3 Bf6 31. Qd7 Qb7 32. Qd3 Rd8 33. Qe2 Re8 34.
Rd7 Rc8 35. Qd2 Kg7 36. Bf4 Qc6 37. Be3 Qe4 38. Qd3 Qc6 39. Qd1 Rd8 40. Rxd8
{Black resigns} 1-0

[Event "Team 45 45 League T47"]
[Site "Internet Chess Club"]
[Date "2010.12.27"]
[Round "8"]
[White "seattleblues"]
[Black "DrOMM"]
[Result "1/2-1/2"]
[WhiteElo "1268"]
[BlackElo "1387"]
[Opening "Scandinavian (center counter) defense"]
[ECO "B01"]
[Time "15:00:22"]
[TimeControl "2700+45"]

1. e4 d5 2. exd5 Qxd5 3. Nc3 Qa5 4. d4 Nf6 5. Bc4 Bf5 6. Bd2 Qb6 7. Nf3 Bg4 8.
O-O c6 9. Be3 Qb4 10. Bxf7+ Kxf7 11. Ne5+ Ke8 12. Nxg4 Qxb2 13. Nxf6+ exf6 14.
Qd3 Qb6 15. Na4 Qc7 16. d5 Nd7 17. Qe4+ Kf7 18. Qe6+ Kg6 19. Qg4+ {Game drawn by
mutual agreement} 1/2-1/2

[Event "Team 45 45 League T47"]
[Site "Internet Chess Club"]
[Date "2010.12.26"]
[Round "8"]
[White "Giacometti"]
[Black "OOB1"]
[Result "1-0"]
[WhiteElo "1662"]
[BlackElo "1538"]
[Opening "Sicilian: Grand Prix attack"]
[ECO "B21"]
[Time "21:06:32"]
[TimeControl "2700+45"]

1. e4 c5 2. f4 Nc6 3. Nf3 Nf6 4. d3 c4 5. e5 Ng4 6. d4 d6 7. Bxc4 dxe5 8. fxe5
g6 9. O-O Bg7 10. Ng5 Nh6 11. c3 O-O 12. Nd2 Qc7 13. Bb3 Bf5 14. Nde4 Rad8 15.
Qe1 Kh8 16. Qh4 f6 17. Rxf5 fxg5 18. Rxf8+ Rxf8 19. Nxg5 Qc8 20. e6 Qc7 21. Bd2
Na5 22. Rf1 Nxb3 23. Rxf8+ Bxf8 24. axb3 Qb6 25. b4 a5 26. Qf4 Nf5 27. Qe5+ Kg8
28. Nf7 Bg7 29. Qb8+ Bf8 30. g4 Qxe6 31. gxf5 Qxf7 32. Bh6 axb4 33. Qxf8+ Qxf8
34. Bxf8 Kxf8 35. fxg6 hxg6 36. Kf2 Kf7 37. Kf3 Kf6 38. Kf4 g5+ 39. Ke4 e6 40.
c4 g4 41. b3 Kg5 42. d5 exd5+ 43. cxd5 Kf6 44. Kf4 b6 45. Kxg4 Ke5 46. h4 Kxd5
47. Kf5 Kd4 48. h5 Kc3 49. h6 Kxb3 50. h7 Ka2 51. h8=Q b3 52. Qa8+ Kb1 53. Ke4
b2 54. Kd3 Kc1 55. Qh1# {Black checkmated} 1-0

[Event "Team 45 45 League T47"]
[Site "Internet Chess Club"]
[Date "2010.12.23"]
[Round "8"]
[White "BaumDeezy"]
[Black "oldprez"]
[Result "1/2-1/2"]
[WhiteElo "1441"]
[BlackElo "1377"]
[Opening "English opening"]
[ECO "A15"]
[Time "13:14:25"]
[TimeControl "2700+45"]

1. c4 Nf6 2. Nf3 g6 3. b4 Bg7 4. Bb2 O-O 5. g3 d6 6. Bg2 Nbd7 7. O-O c5 8. a3
Rb8 9. d3 b5 10. cxb5 cxb4 11. a4 a6 12. Nd4 Bb7 13. Bxb7 Rxb7 14. Nc6 Qe8 15.
bxa6 Rb6 16. Qc2 Nc5 17. Na5 Nxa6 18. Nc4 Rc6 19. Qb3 Nc5 20. Qxb4 Nd5 21. Qb5
Nc7 22. Qb4 Nd5 23. Qb5 Nc7 24. Qb4 Nd5 25. Qb5 Nc7 {Game drawn by repetition}
1/2-1/2

[Event "Team 45 45 League T47"]
[Site "Internet Chess Club"]
[Date "2010.12.29"]
[Round "8"]
[White "radiohead"]
[Black "Visin"]
[Result "0-1"]
[WhiteElo "1407"]
[BlackElo "1271"]
[Opening "QGD semi-Slav: 5...Nd7"]
[ECO "D45"]
[Time "08:00:27"]
[TimeControl "2700+45"]

1. d4 d5 2. c4 c6 3. Nf3 Nf6 4. Nc3 e6 5. e3 Nbd7 6. cxd5 cxd5 7. Bd3 Bd6 8. Qc2
a6 9. O-O O-O 10. Bd2 e5 11. e4 exd4 12. Nxd4 dxe4 13. Nxe4 Nxe4 14. Bxe4 Nf6
15. Bg5 h6 16. Bxf6 Qxf6 17. Nf3 Rb8 18. Rad1 b5 19. b3 Bb7 20. Bxb7 Rxb7 21.
Qd3 Rd8 22. g3 Rbd7 23. Qe2 Qe7 24. Qxe7 Bxe7 25. Rxd7 Rxd7 26. Kg2 Bf6 27. Re1
Kf8 28. Rc1 Ke7 29. Rc6 Rd6 30. Rc7+ Ke6 31. Rc2 Kd7 32. Rd2 Rxd2 33. Nxd2 Kc6
34. Ne4 Be7 35. f3 f5 36. Nf2 Kd5 37. Nd3 g5 38. h3 Kd4 39. Nf2 Kc3 40. Nd1+ Kd2
41. Nf2 Bc5 42. g4 Bxf2 43. Kxf2 fxg4 44. fxg4 Kc2 45. Ke3 Kb2 46. Ke4 Kxa2 47.
Kf5 Kxb3 48. Kg6 a5 49. Kxh6 a4 50. Kxg5 a3 51. h4 a2 52. Kg6 a1=Q 53. h5 Kc4
54. h6 Qa6+ 55. Kh5 Qf6 56. g5 Qf5 57. Kh4 b4 {White resigns} 0-1

[Event "Team 45 45 League T47"]
[Site "Internet Chess Club"]
[Date "2010.12.27"]
[Round "8"]
[White "katabatico"]
[Black "chips"]
[Result "1-0"]
[WhiteElo "1345"]
[BlackElo "1230"]
[Opening "Pirc: classical system, 5.Be2"]
[ECO "B08"]
[Time "14:30:18"]
[TimeControl "2700+45"]

1. e4 d6 2. d4 Nf6 3. Nc3 g6 4. Nf3 Bg7 5. Be2 O-O 6. O-O c6 7. Re1 Nbd7 8. Bc4
Nb6 9. Bb3 e6 10. Bg5 Nbd7 11. e5 d5 12. exf6 Bxf6 13. Bxf6 Nxf6 14. Ne5 Kg7 15.
Ne2 Qd6 16. c3 c5 17. c4 cxd4 18. Nxd4 Ne4 19. Rxe4 dxe4 20. Nf5+ gxf5 21. Qxd6
Kf6 22. Qxf8 {Black resigns} 1-0